Map: Romanticide LE

Players

Nice

  • Race: Protoss Protoss

Has - Winner!

  • Race: Protoss Protoss

VOD

Have the link to the VOD?

Description

Time

  • Played on: Oct. 2, 2021, 9:06 a.m.
  • Length: 28:50
Show
View Real Time Build Order
Export as new Build Order

Nice Protoss 

Build Orders: 1 Gate Expand 

Get SALT Encoding   

  12  0:00  Probe  
  13  0:12  Probe  
  14  0:20  Pylon  
  14  0:24  Probe  
  15  0:38  Gateway, Probe (Chrono Boost)  
  16  0:48  Assimilator, Probe (Chrono Boost)  
  17  0:53  Probe (Chrono Boost)  
  18  1:04  Probe  
  19  1:16  Probe  
  20  1:24  Nexus  
  20  1:32  Cybernetics Core  
  20  1:39  Assimilator  
  20  1:40  Probe  
  21  1:48  Pylon  
  21  1:51  Zealot (Chrono Boost)  
  23  2:06  Probe  
  24  2:08  Stalker (Chrono Boost)  
  26  2:17  Warp Gate  
  26  2:18  Probe  
  27  2:26  Shield Battery  
  27  2:31  Probe  
  27  2:35  Stalker (Chrono Boost)  
  30  2:39  Probe  
  30  2:43  Probe  
  31  2:51  Robotics Facility  
  31  2:55  Probe  
  31  2:57  Probe  
  33  3:02  Sentry (Chrono Boost)  
  35  3:09  Shield Battery  
  35  3:13  Probe x2  
  37  3:21  Stalker  
  37  3:25  Probe  
  37  3:26  Probe  
  40  3:34  Pylon  
  40  3:38  Observer (Chrono Boost)  
  41  3:44  Gateway  
  41  3:45  Probe  
  41  3:46  Probe  
  43  3:55  Immortal (Chrono Boost)  
  48  4:08  Stalker  
  48  4:10  Probe (Chrono Boost)  
  48  4:11  Probe (Chrono Boost)  
  49  4:23  Probe (Chrono Boost)  
  51  4:27  Probe (Chrono Boost)  
  51  4:29  Probe (Chrono Boost)  
  52  4:35  Pylon  
  52  4:38  Stalker  
  54  4:41  Pylon  
  54  4:43  Probe  
  52  4:48  Warp Prism (Chrono Boost)  
  54  4:54  Stalker  
  54  4:55  Probe x2  
  57  5:01  Shield Battery  
  57  5:02  Sentry  
  59  5:07  Probe  
  59  5:13  Probe  
  59  5:18  Observer  
  59  5:20  Twilight Council, Probe (Chrono Boost)  
  61  5:31  Probe (Chrono Boost)  
  61  5:32  Probe (Chrono Boost)  
  62  5:36  Assimilator  
  62  5:37  Assimilator, Probe (Chrono Boost)  
  62  5:38  Probe (Chrono Boost)  
  64  5:47  Probe  
  64  5:49  Probe  
  66  5:50  Stalker x2  
  70  6:00  Pylon  
  70  6:09  Dark Shrine  
  70  6:15  Blink (Chrono Boost), Pylon  
  70  6:16  Pylon  
  70  6:18  Nexus, Probe x2  
  72  6:27  Stalker  
  74  6:34  Stalker  
  74  6:35  Probe  
  77  6:42  Probe  
  77  6:45  Shield Battery  
  78  6:47  Probe  
  78  6:52  Observer  
  79  6:54  Probe  
  79  6:56  Observer  
  79  6:57  Gateway  
  79  7:00  Probe, Forge  
  82  7:06  Probe  
  83  7:09  Stalker, Sentry  
  83  7:12  Probe  
  88  7:18  Probe  
  88  7:19  Shadow Stride (Chrono Boost)  
  88  7:21  Pylon  
  89  7:24  Probe  
  89  7:25  Gateway  
  90  7:31  Probe  
  90  7:32  Probe, Protoss Ground Weapons Level 1 (Chrono Boost)  
  90  7:36  Probe  
  93  7:37  Dark Templar  
  93  7:40  Dark Templar  
  93  7:43  Probe  
  98  7:51  Immortal (Chrono Boost)  
  102  7:53  Dark Templar  
  105  7:58  Probe x2  
  105  7:59  Probe  
  107  8:05  Shield Battery  
  107  8:08  Pylon  
  107  8:10  Probe  
  106  8:13  Stalker x2  
  106  8:14  Probe  
  106  8:16  Probe  
  112  8:22  Probe  
  107  8:28  Stalker x2  
  105  8:35  Probe x2  
  105  8:36  Probe  
  105  8:38  Immortal (Chrono Boost)  
  112  8:42  Stalker  
  112  8:44  Stalker  
  112  8:47  Assimilator, Probe  
  117  9:01  Assimilator  
  117  9:03  Pylon  
  117  9:05  Pylon  
  117  9:08  Photon Cannon  
  117  9:09  Photon Cannon  
  117  9:10  Pylon  
  117  9:14  Gateway  
  117  9:21  Probe  
  118  9:24  Photon Cannon  
  118  9:30  Dark Templar x3  
  118  9:31  Gateway, Protoss Ground Weapons Level 2 (Chrono Boost)  
  124  9:32  Sentry  
  127  9:38  Observer (Chrono Boost)  
  127  9:40  Probe  
  128  9:51  Immortal (Chrono Boost)  
  119  10:07  Stalker x2  
  119  10:08  Stalker x2  
  119  10:11  Stalker  
  110  10:27  Stalker  
  111  10:30  Probe  
  111  10:34  Stalker x3  
  111  10:35  Stalker x2  
  112  10:37  Probe  
  112  10:40  Probe  
  110  10:44  Probe  
  110  10:49  Probe  
  110  10:52  Probe  
  99  10:57  Stalker x2  
  99  10:58  Stalker x4  
  96  11:26  Dark Templar x2  
  96  11:27  Dark Templar x3  
  96  11:29  Stalker  
  105  11:33  Immortal (Chrono Boost)  
  105  11:36  Protoss Ground Weapons Level 3 (Chrono Boost)  
  105  11:39  Shield Battery  
  109  11:40  Assimilator  
  109  11:41  Shield Battery  
  103  12:01  Pylon  
  103  12:04  Stalker x2  
  103  12:05  Stalker x2  
  103  12:06  Stalker  
  113  12:17  Stalker  
  115  12:30  Pylon  
  115  12:34  Nexus  
  113  12:37  Stalker x2  
  113  12:38  Stalker x2  
  121  12:45  Observer (Chrono Boost)  
  121  12:50  Dark Templar  
  124  13:09  Nexus  
  124  13:10  Photon Cannon, Shield Battery  
  124  13:22  Stalker x4  
  124  13:23  Stalker x2  
  124  13:24  Observer (Chrono Boost)  
  137  13:31  Gateway  
  137  13:32  Shield Battery  
  137  13:34  Gateway  
  137  13:35  Pylon  
  137  13:36  Probe  
  137  13:37  Observer (Chrono Boost), Probe x2  
  141  13:44  Photon Cannon  
  141  13:47  Pylon  
  141  13:52  Pylon  
  141  14:07  Nexus  
  139  14:20  Stalker  
  139  14:23  Protoss Ground Armor Level 1 (Chrono Boost)  
  141  14:28  Templar Archives  
  141  14:31  Pylon  
  141  14:33  Pylon  
  141  14:35  Pylon  
  141  14:42  Nexus  
  141  14:54  Dark Templar x2  
  141  14:55  Dark Templar  
  141  14:56  Dark Templar  
  149  15:01  Observer  
  149  15:02  Shield Battery  
  149  15:03  Sentry  
  149  15:05  Sentry  
  153  15:09  Sentry  
  153  15:11  Sentry  
  153  15:13  Probe  
  158  15:15  Probe  
  159  15:27  Observer  
  159  15:29  Observer  
  159  15:31  Dark Templar x2  
  159  15:32  Stalker  
  159  15:34  Probe  
  167  15:42  Pylon  
  167  15:45  Stalker x2  
  171  15:51  Probe x3  
  171  15:54  Sentry x2  
  178  15:58  Dark Templar  
  177  16:22  Robotics Bay  
  175  16:27  Dark Templar x2  
  175  16:28  Robotics Facility  
  173  16:34  Stalker x3  
  177  16:41  Stalker x3  
  161  17:10  Gravitic Boosters (Chrono Boost), Assimilator  
  161  17:11  Assimilator  
  161  17:13  Pylon  
  161  17:15  Stalker x2  
  161  17:16  Stalker x4, Disruptor (Chrono Boost)  
  176  17:24  Photon Cannon  
  176  17:25  Shield Battery  
  176  17:27  Pylon  
  179  17:30  Disruptor (Chrono Boost)  
  179  17:41  Disruptor (Chrono Boost)  
  182  17:45  Nexus  
  182  17:46  Pylon  
  180  18:02  Disruptor (Chrono Boost)  
  183  18:08  Disruptor (Chrono Boost)  
  186  18:17  Protoss Ground Armor Level 2  
  186  18:19  Photon Cannon  
  186  18:22  Assimilator  
  186  18:23  Pylon  
  186  18:24  Assimilator  
  186  18:27  Photon Cannon  
  186  18:28  Shield Battery  
  186  18:29  Disruptor (Chrono Boost)  
  186  18:30  Pylon  
  183  18:38  Dark Templar  
  183  18:39  Dark Templar  
  187  18:43  Stalker x3  
  190  18:55  Stalker x3  
  196  19:08  Disruptor (Chrono Boost)  
  197  19:14  Disruptor (Chrono Boost)  
  200  19:26  Pylon  
  200  19:27  Pylon  
  155  19:47  Stalker x4  
  155  19:48  Stalker x4  
  155  19:50  Disruptor (Chrono Boost)  
  155  19:51  Disruptor (Chrono Boost)  
  133  20:12  Stalker x3  
  133  20:13  Stalker x4  
  133  20:14  Stalker  
  137  20:25  Disruptor (Chrono Boost)  
  134  20:35  Stalker x2  
  129  20:37  Zealot x2  
  129  20:38  Zealot x2  
  139  20:43  Stalker  
  139  20:49  Zealot  
  135  20:54  Cybernetics Core  
  134  21:03  Zealot x2  
  134  21:04  Zealot  
  126  21:19  Dark Templar  
  126  21:20  Dark Templar  
  130  21:28  Gateway  
  130  21:31  Stalker x2, Gateway  
  134  21:34  Gateway  
  134  21:35  Pylon  
  133  21:46  Observer, Charge (Chrono Boost)  
  119  22:02  Observer  
  119  22:10  Stalker x2  
  119  22:11  Nexus  
  119  22:12  Pylon  
  119  22:13  Robotics Facility  
  123  22:29  Stalker x3  
  125  22:46  Stalker x2  
  129  22:52  Assimilator  
  129  22:56  Assimilator  
  129  22:58  Shield Battery  
  129  22:59  Shield Battery  
  129  23:01  Pylon  
  129  23:02  Stalker x2  
  129  23:04  Forge  
  133  23:19  Stalker x2, Disruptor (Chrono Boost)  
  135  23:20  Stalker  
  140  23:27  Robotics Facility  
  113  23:41  Stalker x2  
  113  23:42  Stalker x3  
  113  23:48  Observer (Chrono Boost)  
  124  23:56  Robotics Facility  
  124  24:01  Disruptor (Chrono Boost)  
  122  24:04  Stalker x2  
  122  24:07  Stalker  
  127  24:13  Stalker  
  123  24:24  Disruptor (Chrono Boost)  
  122  24:33  Stalker x2  
  122  24:34  Stalker x2, Disruptor (Chrono Boost)  
  136  24:58  Disruptor (Chrono Boost)  
  136  25:00  Stalker  
  136  25:01  Stalker x4  
  96  25:30  Stalker x5  
  93  25:53  Stalker x3  
  93  25:54  Stalker  
  67  26:17  Stalker  
  67  26:18  Stalker x2  
  67  26:38  Robotics Facility  
  67  26:42  Stalker x3  
  65  27:09  Stalker x2  
  65  27:12  Stalker  
  69  27:33  Stalker  
  69  27:36  Stalker x2  
  58  27:56  Dark Templar  
  58  27:58  Stalker  
  62  28:11  Stalker  
  53  28:27  Stalker  
Show
View Real Time Build Order
Export as new Build Order

Has Protoss - Winner!

Build Orders: Oracle Opening 

Get SALT Encoding   

  12  0:00  Probe  
  13  0:12  Probe  
  14  0:17  Pylon  
  14  0:24  Probe  
  15  0:35  Gateway  
  15  0:36  Probe (Chrono Boost)  
  16  0:46  Assimilator, Probe (Chrono Boost)  
  17  0:51  Probe (Chrono Boost)  
  17  0:54  Assimilator  
  18  1:03  Probe (Chrono Boost)  
  19  1:07  Gateway  
  19  1:12  Probe (Chrono Boost)  
  19  1:17  Probe (Chrono Boost)  
  20  1:23  Cybernetics Core  
  21  1:29  Probe  
  22  1:35  Pylon  
  22  1:41  Probe  
  22  1:44  Pylon  
  24  2:01  Stalker x2  
  27  2:07  Probe  
  28  2:18  Stargate  
  28  2:19  Probe  
  29  2:27  Warp Gate  
  29  2:31  Probe  
  29  2:51  Nexus  
  29  2:55  Pylon  
  29  2:58  Probe  
  30  3:10  Oracle (Chrono Boost)  
  30  3:12  Probe  
  31  3:18  Shield Battery  
  34  3:24  Probe  
  35  3:33  Twilight Council  
  35  3:41  Oracle (Chrono Boost)  
  38  3:42  Probe  
  39  3:52  Pylon  
  39  4:02  Probe  
  40  4:06  Probe  
  41  4:12  Blink (Chrono Boost)  
  41  4:14  Probe  
  42  4:18  Probe  
  43  4:26  Probe  
  43  4:28  Gateway  
  43  4:29  Forge  
  43  4:30  Probe  
  45  4:33  Stalker  
  45  4:35  Stalker  
  49  4:38  Probe  
  47  4:46  Probe  
  47  4:51  Probe  
  49  4:58  Stalker x2, Probe  
  54  5:02  Protoss Ground Weapons Level 1 (Chrono Boost)  
  54  5:04  Pylon  
  54  5:05  Probe  
  55  5:07  Assimilator  
  55  5:15  Nexus  
  55  5:20  Probe  
  56  5:25  Stalker  
  58  5:31  Stalker  
  58  5:34  Shield Battery  
  58  5:35  Stalker  
  62  5:43  Probe x2  
  62  5:47  Pylon  
  62  5:49  Stalker  
  66  5:55  Stalker  
  66  5:56  Probe x2  
  69  6:00  Robotics Facility  
  69  6:08  Probe  
  70  6:12  Pylon  
  70  6:13  Pylon  
  70  6:21  Gateway x2  
  70  6:26  Probe x2  
  70  6:27  Probe  
  70  6:31  Stalker  
  70  6:32  Stalker x2  
  79  6:41  Shield Battery  
  79  6:44  Probe x3  
  82  6:47  Observer (Chrono Boost)  
  82  6:52  Pylon  
  82  6:53  Gateway  
  83  6:56  Gateway, Probe  
  83  7:00  Probe  
  85  7:05  Photon Cannon, Probe  
  86  7:11  Probe  
  86  7:12  Warp Prism (Chrono Boost)  
  89  7:18  Probe x2  
  89  7:20  Photon Cannon  
  91  7:24  Stalker x2  
  91  7:28  Pylon  
  95  7:32  Probe x3  
  98  7:48  Stalker x5, Charge (Chrono Boost)  
  98  7:49  Stalker  
  110  7:54  Pylon  
  110  7:55  Probe x3  
  110  7:57  Assimilator  
  113  7:59  Pylon  
  113  8:05  Pylon  
  113  8:17  Stalker x4  
  119  8:30  Observer (Chrono Boost)  
  103  8:37  Probe x2  
  103  8:40  Stalker x2  
  107  8:42  Zealot x5  
  107  8:47  Probe  
  118  8:49  Probe  
  118  8:52  Pylon  
  119  8:57  Forge  
  119  9:01  Probe  
  120  9:07  Stalker x4  
  128  9:10  Pylon  
  128  9:20  Observer (Chrono Boost)  
  129  9:30  Stalker x2  
  133  9:31  Photon Cannon  
  133  9:33  Nexus  
  133  9:35  Pylon  
  133  9:37  Stalker  
  133  9:38  Zealot x2  
  139  9:39  Zealot x2  
  139  9:43  Probe  
  144  10:00  Zealot x6  
  144  10:01  Observer (Chrono Boost)  
  125  10:17  Stalker  
  125  10:20  Stalker x2  
  125  10:21  Stalker x2, Zealot x2  
  127  10:33  Probe x2  
  127  10:34  Probe  
  120  10:44  Zealot x5  
  120  10:45  Probe  
  120  10:48  Stalker  
  127  10:50  Probe x2  
  115  11:01  Zealot  
  107  11:05  Zealot x4  
  104  11:13  Zealot x2  
  104  11:14  Probe  
  99  11:22  Probe  
  99  11:24  Photon Cannon  
  102  11:26  Probe  
  103  11:36  Probe x2  
  103  11:41  Stalker x3  
  103  11:43  Photon Cannon  
  104  11:49  Probe x2  
  104  11:50  Probe  
  102  12:01  Stalker x3  
  102  12:08  Photon Cannon  
  108  12:12  Stalker  
  110  12:16  Probe x3  
  110  12:17  Probe  
  114  12:23  Stalker x2  
  114  12:28  Stalker  
  120  12:32  Stalker x2  
  123  12:42  Stalker x2  
  127  12:47  Zealot x2  
  131  12:51  Zealot  
  131  12:52  Zealot x2  
  135  13:03  Stalker  
  135  13:05  Stalker x3  
  141  13:10  Zealot x2  
  141  13:11  Zealot  
  147  13:27  Stalker x3  
  147  13:34  Stalker x4  
  159  13:39  Probe  
  159  13:40  Pylon  
  162  13:45  Probe x2  
  164  13:49  Robotics Bay  
  162  14:09  Robotics Facility  
  161  14:16  Stalker x3, Shield Battery  
  161  14:17  Stalker x3  
  173  14:18  Probe, Shield Battery x2  
  173  14:19  Probe x3  
  173  14:22  Pylon  
  173  14:32  Probe  
  173  14:34  Pylon  
  174  14:38  Disruptor (Chrono Boost)  
  177  14:47  Robotics Facility  
  177  14:49  Photon Cannon  
  177  14:54  Probe  
  177  14:57  Disruptor (Chrono Boost)  
  177  14:58  Assimilator  
  184  15:11  Disruptor (Chrono Boost)  
  184  15:26  Photon Cannon  
  184  15:29  Nexus  
  184  15:31  Zealot x4, Pylon  
  184  15:34  Disruptor (Chrono Boost)  
  195  15:38  Pylon  
  195  15:42  Disruptor (Chrono Boost)  
  196  15:53  Disruptor  
  189  16:16  Disruptor  
  189  16:17  Protoss Ground Weapons Level 2 (Chrono Boost)  
  182  16:25  Zealot x4  
  185  16:27  Pylon  
  180  16:53  Observer (Chrono Boost)  
  181  16:55  Observer (Chrono Boost)  
  168  17:05  Zealot x7  
  179  17:14  Photon Cannon  
  179  17:16  Photon Cannon  
  179  17:17  Photon Cannon, Disruptor (Chrono Boost)  
  179  17:19  Photon Cannon, Disruptor (Chrono Boost)  
  179  17:21  Assimilator  
  185  17:23  Assimilator  
  185  17:25  Assimilator  
  185  17:26  Assimilator  
  185  17:27  Pylon  
  185  17:38  Photon Cannon  
  185  17:41  Photon Cannon  
  185  17:54  Pylon  
  185  17:55  Disruptor (Chrono Boost)  
  182  18:05  Zealot x2  
  182  18:06  Zealot x5  
  182  18:09  Disruptor (Chrono Boost)  
  196  18:14  Shield Battery  
  196  18:15  Pylon  
  196  18:16  Disruptor (Chrono Boost)  
  190  18:36  Disruptor  
  190  18:38  Disruptor  
  196  18:49  Disruptor  
  197  19:12  Disruptor (Chrono Boost)  
  195  19:19  Disruptor (Chrono Boost)  
  195  19:24  Disruptor (Chrono Boost)  
  197  19:43  Zealot x2  
  197  19:44  Zealot  
  188  19:46  Observer (Chrono Boost)  
  188  19:47  Zealot  
  172  20:17  Gateway x5  
  172  20:20  Pylon x2  
  147  20:52  Disruptor (Chrono Boost)  
  147  21:03  Disruptor (Chrono Boost)  
  144  21:19  Pylon x2  
  144  21:20  Pylon  
  144  21:21  Pylon  
  144  21:22  Pylon  
  144  21:30  Pylon  
  144  21:42  Observer  
  139  21:51  Disruptor  
  118  21:55  Pylon  
  118  21:57  Cybernetics Core, Pylon x2  
  118  21:59  Pylon  
  114  22:14  Immortal (Chrono Boost), Robotics Bay  
  122  22:35  Immortal (Chrono Boost)  
  118  22:45  Stalker  
  118  22:46  Stalker  
  118  22:48  Immortal  
  126  22:55  Gateway  
  126  22:57  Gateway  
  126  22:58  Gateway  
  126  23:00  Pylon  
  126  23:07  Immortal (Chrono Boost)  
  128  23:20  Zealot x2  
  131  23:28  Observer (Chrono Boost)  
  131  23:32  Pylon  
  124  23:46  Immortal (Chrono Boost)  
  132  23:49  Pylon  
  132  23:53  Immortal (Chrono Boost), Stalker x5  
  128  24:18  Stalker x2  
  128  24:19  Stalker x3  
  138  24:27  Observer  
  125  24:42  Immortal  
  127  24:59  Immortal  
  129  25:01  Stalker x4  
  122  25:27  Stalker x4  
  105  25:53  Stalker x5  
  72  26:18  Stalker x4  
  76  26:27  Stalker  
  78  26:43  Stalker x2  
  78  26:44  Stalker  
  84  26:54  Stalker x2  
  74  27:18  Stalker x3  
  67  27:43  Stalker x4  
  69  27:49  Observer (Chrono Boost)  
  70  27:58  Stalker  
  72  28:06  Stalker x2  
  76  28:16  Stalker  
  75  28:32  Observer (Chrono Boost)  
Tags
 
Add a new tag
Caveats
  • Supply blocks, unpowered buildings, or Contaminate may cause inaccurate times.
  • Supply counts are checked every 10 seconds.